Workbook

Sheet TRANSFERENCIA
A1: ORDEN DE TRANSFERENCIA CAJA MADRID
A2: FECHA | B2: =LIQUIDACION!K35 -> 0
A4: ORDENANTE | C4: CÓDICO CUENTA CLIENTE DE CARGO O IBAN
A5: REAL FEDERACIÓN ESPAÑOLA DE GOLF | C5: IBAN:
C6: ENTIDAD OFICINA D.C. Nº DE CUENTA
C7: 2038 2488 11 6000121578
A9: POR ORDEN DE:
A10: BENEFICIARIO | C10: CÓDICO CUENTA CLIENTE DE ABONO O IBAN
A11: =LIQUIDACION!E7 -> 0 | C11: IBAN:
C12: ENTIDAD OFICINA D.C. Nº DE CUENTA
C13: =LIQUIDACION!I45 -> 0
A15: IMPORTE NOMINAL | B15: TIPO GASTO | C15: COMISION | D15: IMPORTE TOTAL
A16: =IF(LIQUIDACION!E40=0,LIQUIDACION!E42,IF(LIQUIDACION!E42<LIQUIDACION!E40,0,(LIQUIDACION!E42)*-1)) -> 0
A17: CONCEPTO: | B17: =LIQUIDACION!H9 -> 0
C19: Firma

Sheet DIARIO
A2: Nombre: | C2: =LIQUIDACION!E7 -> 0
A5: Fecha | B5: Nº Asiento | C5: Nº Doc. | D5: Tipo | E5: Nº de cuenta | F5: Descripción | H5: Actuación | I5: Grupo | J5: Actividad | K5: Debe | L5: Haber | M5: Tipo Contr. | N5: Cta. Contr. | O5: Cód. Depart. | P5: Cód. Programa
A6: =TODAY() -> 40896 | D6: C | E6: 65501 | F6: =$C$2 -> 0 | G6: =LIQUIDACION!$H$9 -> 0 | H6: =RIGHT(LIQUIDACION!G9,7) | K6: =SUM(LIQUIDACION!K28:'LIQUIDACION'!K31) -> 0
A7: =TODAY() -> 40896 | D7: C | E7: 65500 | F7: =$C$2 -> 0 | G7: =LIQUIDACION!$H$9 -> 0 | H7: =RIGHT(LIQUIDACION!G9,7) | K7: =SUM(LIQUIDACION!K15:'LIQUIDACION'!K23) -> 0
A8: =TODAY() -> 40896
A9: =TODAY() -> 40896
I10: A pagar | K10: =SUM(K6:K9) -> 0
D11: C | E11: B
A14: Comentarios:
E16: =IF(LIQUIDACION!I45<>0,"TIENE HOJA DE TRANSFERENCIA",) -> 0

Sheet RETRIB. DIRECTIVOS Y OTROS
A2: Nombre: | C2: =LIQUIDACION!E7 -> 0
A5: Tipo | B5: Número | C5: Conc. Retr. | D5: Descripción | F5: Actuación | G5: Grupo | H5: Actividad | I5: Importe | J5: Clave | K5: %Ret | L5: Importe Ret. | M5: Neto | N5: Cód. Depart. | O5: Cód. Programa
A6: C | B6: 65501 | C6: 10 | D6: =$C$2 -> 0 | E6: =LIQUIDACION!$H$9 -> 0 | F6: =RIGHT(LIQUIDACION!$G$9,7) | I6: =P6*LIQUIDACION!E25 -> 0 | J6: F | K6: 15 | L6: =IF((LIQUIDACION!K25)<>0,LIQUIDACION!K26,0) -> 0 | M6: =I6+L6 -> 0 | P6: =IF(LIQUIDACION!G25=54,LIQUIDACION!G25-26.67,IF(LIQUIDACION!G25=72.12,LIQUIDACION!G25-26.67,LIQUIDACION!G25-53.34)) -> -53.34
A7: C | B7: 65500 | C7: 08 | D7: =$C$2 -> 0 | E7: =LIQUIDACION!$H$9 -> 0 | F7: =RIGHT(LIQUIDACION!$G$9,7) | I7: =LIQUIDACION!E21*(LIQUIDACION!H21-0.19) -> 0 | J7: F | K7: 15 | L7: =-I7*K7/100 -> 0 | M7: =I7+L7 -> 0
A8: C | B8: 65500 | C8: 07 | D8: =$C$2 -> 0 | E8: =LIQUIDACION!$H$9 -> 0 | F8: =RIGHT(LIQUIDACION!$G$9,7) | I8: =SUM(LIQUIDACION!K15:'LIQUIDACION'!K18)+LIQUIDACION!K23 -> 0 | J8: Z | M8: =I8 -> 0
A9: C | B9: 65501 | C9: 09 | D9: =$C$2 -> 0 | E9: =LIQUIDACION!$H$9 -> 0 | F9: =RIGHT(LIQUIDACION!$G$9,7) | I9: =SUM(LIQUIDACION!K28:'LIQUIDACION'!K31) -> 0 | J9: Z | M9: =I9 -> 0
A10: C | B10: 65500 | C10: 16 | D10: =$C$2 -> 0 | E10: =LIQUIDACION!$H$9 -> 0 | F10: =RIGHT(LIQUIDACION!$G$9,7) | I10: =LIQUIDACION!E21*0.19 -> 0 | J10: L | M10: =I10 -> 0
A11: C | B11: 65501 | C11: 19 | F11: =RIGHT(LIQUIDACION!$G$9,7) | I11: =LIQUIDACION!K25-I6 -> 0 | J11: L | M11: =I11-L11 -> 0
K12: A pagar | M12: =SUM(M6:M11) -> 0
A14: Comentarios:
C16: =IF(LIQUIDACION!I45<>0,"TIENE HOJA DE TRANSFERENCIA",) -> 0

Sheet LIQUIDACION
A2: REAL FEDERACIÓN ESPAÑOLA DE GOLF
A5: JUSTIFICACIÓN DE GASTOS POR INDEMNIZACIONES DE CARACTER INDIVIDUAL
E6: Ejercicio
A7: Nombre y apellidos
A8: D.N.I. | F8: Cargo que desempeña
A9: Grupo | E9: Motivo del desplazamiento
A10: Lugar | G10: País
A11: Fechas del desplazamiento | F11: de | H11: a | J11: de
A12: Tipo de cambio de divisa | F12: =IF(E12=0,"","€/unidad de divisa") | I12: ES NECESARIO CUMPLIMENTAR TODA LA CABECERA
A13: GASTOS DE LOCOMOCION
A15: - | B15: Transporte regular (*): | E15: Ferrocarril | I15: Importe | K15: =CALCULOS!B10 -> 0 | L15: 0.26
E16: Avión | I16: Importe | K16: =CALCULOS!D10 -> 0 | L16: 0.19
E17: Autobús | I17: Importe | L17: 0.24
E18: Otros | I18: Importe | K18: =CALCULOS!F10 -> 0
A19: - | B19: Vehículo propio | E19: Matrícula
B20: Itinerario
B21: Kms. recorridos | G21: Importe/km | H21: 0.26 | I21: Importe | K21: =E21*H21 -> 0
A22: - | B22: Otros gastos desplazamiento: | F22: =IF(K22<>0,"Retención exceso pago kilometraje",) -> 0 | K22: =IF(H21=0.26,-(E21*0.07)*15/100,0) -> 0
I23: Importe
A25: GASTOS POR DIETAS | F25: =IF(E25=0,"","dias X") | H25: =IF(E25=0,"","EUR/día") | I25: =IF(E25=0," ","Importe") | K25: =IF(E25=0,0,(E25*G25)) -> 0
F26: =IF(E25=0," ","15% I.R.P.F.sobre exceso de dieta") | K26: =IF(G25=102,-(7.3)*E25,IF(G25=54,-(4.1)*E25,IF(G25=240,-(7.3)*E25,IF(G25=72.12,-(6.82)*E25,IF(G25=123.21,-(10.48)*E25,IF(G25=240.4,-(28.06)*E25,""))))))
A27: GASTOS DE MANUTENCIÓN
B28: Nº Días | E28: Importe manutención según recibos | I28: Importe | K28: =CALCULOS!H10 -> 0 | L28: 102
A29: GASTOS DE ALOJAMIENTO (*) | L29: 240.4
B30: Nº Días | E30: Importe alojamiento según recibos | I30: Importe | K30: =CALCULOS!J10 -> 0
B31: Varios | K31: =CALCULOS!L10 -> 0
E32: TOTAL GASTOS | K32: =SUM(K15:K31) -> 0
D33: INTRODUCIR LA FECHA EN QUE SE HACE LA LIQUIDACIÓN
I35: Madrid, a
C36: Conforme
C37: EL PRESIDENTE | H37: EL INTERESADO - Recibí
B40: P. Fondos
B41: Gastos | E41: =K32 -> 0
B42: =IF(E42>=0,"a n/ favor","a s/ favor") -> a n/ favor | E42: =IF(E40=0,E41,E40-E41) -> 0
B43: Devuelve
A45: VºBº | G45: Nº Cuenta corriente
A46: Justificantes que se adjuntan | E46: Billetes originales
E47: Factura Hotel
E48: Otros
A49: (*) Es imprescincible para su justificación la presentación del justificante original.En el caso de viajes al extranjero se adjuntará documento
A50: bancario del cambio oficial.
A53: 1 | B53: enero | H53: MATCH CUADRANGULAR | I53: 12-001 | J53: =CONCATENATE(H53," ",I53) -> MATCH CUADRANGULAR 12-001
A54: 2 | B54: febrero | C54: España | D54: ESP | E54: =CONCATENATE(C54," ",D54) -> España ESP | H54: COPA BALEARES | I54: 12-002 | J54: =CONCATENATE(H54," ",I54) -> COPA BALEARES 12-002
A55: 3 | B55: marzo | C55: Afganistan | D55: AFG | E55: =CONCATENATE(C55," ",D55) -> Afganistan AFG | H55: MATCH FRANCIA-ESPAÑA (SUB-18) | I55: 12-003 | J55: =CONCATENATE(H55," ",I55) -> MATCH FRANCIA-ESPAÑA (SUB-18) 12-003
A56: 4 | B56: abril | C56: Antillas Holandesas | D56: AHO | E56: =CONCATENATE(C56," ",D56) -> Antillas Holandesas AHO | H56: Cº INTERNACIONAL DE PORTUGAL | I56: 12-004 | J56: =CONCATENATE(H56," ",I56) -> Cº INTERNACIONAL DE PORTUGAL 12-004
A57: 5 | B57: mayo | C57: Albania | D57: ALB | E57: =CONCATENATE(C57," ",D57) -> Albania ALB | H57: Cº INTERNACIONAL ESPAÑA. COPA SM EL REY | I57: 12-005 | J57: =CONCATENATE(H57," ",I57) -> Cº INTERNACIONAL ESPAÑA. COPA SM EL REY 12-005
A58: 6 | B58: junio | C58: Argelia | D58: ALG | E58: =CONCATENATE(C58," ",D58) -> Argelia ALG | H58: CONCENTRACIÓN | I58: 12-006 | J58: =CONCATENATE(H58," ",I58) -> CONCENTRACIÓN 12-006
A59: 7 | B59: julio | C59: Andorra | D59: AND | E59: =CONCATENATE(C59," ",D59) -> Andorra AND | H59: COPA ANDALUCÍA | I59: 12-007 | J59: =CONCATENATE(H59," ",I59) -> COPA ANDALUCÍA 12-007
A60: 8 | B60: agosto | C60: Angola | D60: ANG | E60: =CONCATENATE(C60," ",D60) -> Angola ANG | H60: COPA SOTOGRANDE | I60: 12-008 | J60: =CONCATENATE(H60," ",I60) -> COPA SOTOGRANDE 12-008
A61: 9 | B61: septiembre | C61: Antigua y Barbuda | D61: ANT | E61: =CONCATENATE(C61," ",D61) -> Antigua y Barbuda ANT | H61: Cº ESPAÑA JUNIOR Y BOYS | I61: 12-009 | J61: =CONCATENATE(H61," ",I61) -> Cº ESPAÑA JUNIOR Y BOYS 12-009
A62: 10 | B62: octubre | C62: Anguila | D62: ANU | E62: =CONCATENATE(C62," ",D62) -> Anguila ANU | H62: Cº DE BARCELONA | I62: 12-010 | J62: =CONCATENATE(H62," ",I62) -> Cº DE BARCELONA 12-010
A63: 11 | B63: noviembre | C63: Argentina | D63: ARG | E63: =CONCATENATE(C63," ",D63) -> Argentina ARG | H63: LYTHAM TROPHY | I63: 12-011 | J63: =CONCATENATE(H63," ",I63) -> LYTHAM TROPHY 12-011
A64: 12 | B64: diciembre | C64: Armenia | D64: ARM | E64: =CONCATENATE(C64," ",D64) -> Armenia ARM | H64: Cº DE CANARIAS | I64: 12-012 | J64: =CONCATENATE(H64," ",I64) -> Cº DE CANARIAS 12-012
A65: 13 | C65: Aruba | D65: ARU | E65: =CONCATENATE(C65," ",D65) -> Aruba ARU | H65: ST. ANDREWS LINKS TROPHY | I65: 12-013 | J65: =CONCATENATE(H65," ",I65) -> ST. ANDREWS LINKS TROPHY 12-013
A66: 14 | C66: Samoa Americana | D66: ASA | E66: =CONCATENATE(C66," ",D66) -> Samoa Americana ASA | H66: BRITISH AMATEUR | I66: 12-014 | J66: =CONCATENATE(H66," ",I66) -> BRITISH AMATEUR 12-014
A67: 15 | C67: Australia | D67: AUS | E67: =CONCATENATE(C67," ",D67) -> Australia AUS | H67: BRABAZON TROPHY | I67: 12-015 | J67: =CONCATENATE(H67," ",I67) -> BRABAZON TROPHY 12-015
A68: 16 | C68: Austria | D68: AUT | E68: =CONCATENATE(C68," ",D68) -> Austria AUT | H68: CONCENTRACIÓN PREP.Cº EUROPA SUB-18 EQ. | I68: 12-016 | J68: =CONCATENATE(H68," ",I68) -> CONCENTRACIÓN PREP.Cº EUROPA SUB-18 EQ. 12-016
A69: 17 | C69: Azerbaidjan | D69: AZE | E69: =CONCATENATE(C69," ",D69) -> Azerbaidjan AZE | H69: Cº MUNDO UNIVERSITARIO | I69: 12-017 | J69: =CONCATENATE(H69," ",I69) -> Cº MUNDO UNIVERSITARIO 12-017
A70: 18 | C70: Bahamas | D70: BAH | E70: =CONCATENATE(C70," ",D70) -> Bahamas BAH | H70: CHIBERTA GRAND PRIX | I70: 12-018 | J70: =CONCATENATE(H70," ",I70) -> CHIBERTA GRAND PRIX 12-018
A71: 19 | C71: Bangladesh | D71: BAN | E71: =CONCATENATE(C71," ",D71) -> Bangladesh BAN | H71: Cº EUROPA SUB-18 EQUIPOS | I71: 12-019 | J71: =CONCATENATE(H71," ",I71) -> Cº EUROPA SUB-18 EQUIPOS 12-019
A72: 20 | C72: Barbados | D72: BAR | E72: =CONCATENATE(C72," ",D72) -> Barbados BAR | H72: BIARRITZ CUP | I72: 12-020 | J72: =CONCATENATE(H72," ",I72) -> BIARRITZ CUP 12-020
A73: 21 | C73: Burundi | D73: BDI | E73: =CONCATENATE(C73," ",D73) -> Burundi BDI | H73: GRAND PRIX DE LANDES | I73: 12-021 | J73: =CONCATENATE(H73," ",I73) -> GRAND PRIX DE LANDES 12-021
A74: 22 | C74: Bélgica | D74: BEL | E74: =CONCATENATE(C74," ",D74) -> Bélgica BEL | H74: Cº ESPAÑA ABSOLUTO | I74: 12-022 | J74: =CONCATENATE(H74," ",I74) -> Cº ESPAÑA ABSOLUTO 12-022
A75: 23 | C75: Benin | D75: BEN | E75: =CONCATENATE(C75," ",D75) -> Benin BEN | H75: CARRIS TROPHY | I75: 12-023 | J75: =CONCATENATE(H75," ",I75) -> CARRIS TROPHY 12-023
A76: 24 | C76: Bermudas | D76: BER | E76: =CONCATENATE(C76," ",D76) -> Bermudas BER | H76: Cº EUROPA INDIVIDUAL | I76: 12-024 | J76: =CONCATENATE(H76," ",I76) -> Cº EUROPA INDIVIDUAL 12-024
... A83: 31 | C83: Brasil | D83: BRA | E83: =CONCATENATE(C83," ",D83) -> Brasil BRA | H83: Cº INTERCLUBS DE ESPAÑA | I83: 12-031 | J83: =CONCATENATE(H83," ",I83) -> Cº INTERCLUBS DE ESPAÑA 12-031
C84: Bahrain | D84: BRN | E84: =CONCATENATE(C84," ",D84) -> Bahrain BRN | H84: Cº DEL MUNDO ABSOLUTO POR EQUIPOS | I84: 12-032 | J84: =CONCATENATE(H84," ",I84) -> Cº DEL MUNDO ABSOLUTO POR EQUIPOS 12-032
C85: Brunei | D85: BRU | E85: =CONCATENATE(C85," ",D85) -> Brunei BRU | H85: Cº INTERTERRITORIAL 2ª DIVISIÓN | I85: 12-033 | J85: =CONCATENATE(H85," ",I85) -> Cº INTERTERRITORIAL 2ª DIVISIÓN 12-033
A86: 2011 | C86: Bulgaria | D86: BUL | E86: =CONCATENATE(C86," ",D86) -> Bulgaria BUL | H86: COPA EUROPA DE CLUBS | I86: 12-034 | J86: =CONCATENATE(H86," ",I86) -> COPA EUROPA DE CLUBS 12-034
A87: 2012 | C87: Burkina Faso | D87: BUR | E87: =CONCATENATE(C87," ",D87) -> Burkina Faso BUR | H87: CONCENTRACIÓN TOMMY HORTON | I87: 12-035 | J87: =CONCATENATE(H87," ",I87) -> CONCENTRACIÓN TOMMY HORTON 12-035
A88: 2013 | C88: Republica Centroafricana | D88: CAF | E88: =CONCATENATE(C88," ",D88) -> Republica Centroafricana CAF | H88: Cº INT. ESPAÑA STROKE PLAY FEMENINO | I88: 12-036 | J88: =CONCATENATE(H88," ",I88) -> Cº INT. ESPAÑA STROKE PLAY FEMENINO 12-036
A89: 2014 | C89: Camboya | D89: CAM | E89: =CONCATENATE(C89," ",D89) -> Camboya CAM | H89: Cº INTERNACIONAL DE PORTUGAL FEM | I89: 12-037 | J89: =CONCATENATE(H89," ",I89) -> Cº INTERNACIONAL DE PORTUGAL FEM 12-037
A90: 2015 | C90: Canada | D90: CAN | E90: =CONCATENATE(C90," ",D90) -> Canada CAN | H90: Cº INT.ESPAÑA .COPA SM REINA | I90: 12-038 | J90: =CONCATENATE(H90," ",I90) -> Cº INT.ESPAÑA .COPA SM REINA 12-038
C91: I. Caiman | D91: CAY | E91: =CONCATENATE(C91," ",D91) -> I. Caiman CAY | H91: CONCENTRACIÓN | I91: 12-039 | J91: =CONCATENATE(H91," ",I91) -> CONCENTRACIÓN 12-039
C92: Congo Republica Popular | D92: CGO | E92: =CONCATENATE(C92," ",D92) -> Congo Republica Popular CGO | H92: Cº EUROPEO DE NACIONES | I92: 12-040 | J92: =CONCATENATE(H92," ",I92) -> Cº EUROPEO DE NACIONES 12-040
C93: Chad | D93: CHA | E93: =CONCATENATE(C93," ",D93) -> Chad CHA | H93: Cº DE MADRID. PUNTUABLE RANKINGS NAC. | I93: 12-041 | J93: =CONCATENATE(H93," ",I93) -> Cº DE MADRID. PUNTUABLE RANKINGS NAC. 12-041
C94: Chile | D94: CHI | E94: =CONCATENATE(C94," ",D94) -> Chile CHI | H94: Cº INTERNCIONAL DE FRANCIA JR. FEM. | I94: 12-042 | J94: =CONCATENATE(H94," ",I94) -> Cº INTERNCIONAL DE FRANCIA JR. FEM. 12-042
C95: China Republica Popular | D95: CHN | E95: =CONCATENATE(C95," ",D95) -> China Republica Popular CHN | H95: Cº INTERNACIONAL DE IRLANDA | I95: 12-043 | J95: =CONCATENATE(H95," ",I95) -> Cº INTERNACIONAL DE IRLANDA 12-043
C96: Costa de Marfil | D96: CIV | E96: =CONCATENATE(C96," ",D96) -> Costa de Marfil CIV | H96: Cº NACIONAL ESPAÑA INDIVIDUAL FEM. | I96: 12-044 | J96: =CONCATENATE(H96," ",I96) -> Cº NACIONAL ESPAÑA INDIVIDUAL FEM. 12-044
C97: Camerun | D97: CMR | E97: =CONCATENATE(C97," ",D97) -> Camerun CMR | H97: CONCENTRACIÓN PRE-EUROPEO SUB 18 | I97: 12-045 | J97: =CONCATENATE(H97," ",I97) -> CONCENTRACIÓN PRE-EUROPEO SUB 18 12-045
C98: I. Cook (Nueva Zelanda) | D98: COK | E98: =CONCATENATE(C98," ",D98) -> I. Cook (Nueva Zelanda) COK | H98: BRITISH LADIES AMATEUR CHAMPIONSHIP | I98: 12-046 | J98: =CONCATENATE(H98," ",I98) -> BRITISH LADIES AMATEUR CHAMPIONSHIP 12-046
C99: Colombia | D99: COL | E99: =CONCATENATE(C99," ",D99) -> Colombia COL | H99: Cº MUNDO UNIVERSITARIO | I99: 12-047 | J99: =CONCATENATE(H99," ",I99) -> Cº MUNDO UNIVERSITARIO 12-047
C100: Comores | D100: COM | E100: =CONCATENATE(C100," ",D100) -> Comores COM | H100: Cº EUROPA GIRLS SUB-18 POR EQUIPOS | I100: 12-048 | J100: =CONCATENATE(H100," ",I100) -> Cº EUROPA GIRLS SUB-18 POR EQUIPOS 12-048
C101: Cabo Verde | D101: CPV | E101: =CONCATENATE(C101," ",D101) -> Cabo Verde CPV | H101: GRAND PRIX DE CHIBERTA | I101: 12-049 | J101: =CONCATENATE(H101," ",I101) -> GRAND PRIX DE CHIBERTA 12-049
C102: Costa Rica | D102: CRC | E102: =CONCATENATE(C102," ",D102) -> Costa Rica CRC | H102: Cº INTERNACIONAL DE HOLANDA JR. | I102: 12-050 | J102: =CONCATENATE(H102," ",I102) -> Cº INTERNACIONAL DE HOLANDA JR. 12-050
... C235: Senegal | D235: SEN | E235: =CONCATENATE(C235," ",D235) -> Senegal SEN | H235: MASTER SENIOR | I235: 12-912 | J235: =CONCATENATE(H235," ",I235) -> MASTER SENIOR 12-912
C236: Seychelles | D236: SEY | E236: =CONCATENATE(C236," ",D236) -> Seychelles SEY
C237: Singapur | D237: SIN | E237: =CONCATENATE(C237," ",D237) -> Singapur SIN
C238: San Kitts y Nevis | D238: SKN | E238: =CONCATENATE(C238," ",D238) -> San Kitts y Nevis SKN
C239: Sierra Leona | D239: SLE | E239: =CONCATENATE(C239," ",D239) -> Sierra Leona SLE
C240: Eslovenia | D240: SLO | E240: =CONCATENATE(C240," ",D240) -> Eslovenia SLO
C241: San Marino | D241: SMR | E241: =CONCATENATE(C241," ",D241) -> San Marino SMR
C242: I. Salomon | D242: SOL | E242: =CONCATENATE(C242," ",D242) -> I. Salomon SOL
C243: Somalia | D243: SOM | E243: =CONCATENATE(C243," ",D243) -> Somalia SOM
C244: Sri Lanka | D244: SRI | E244: =CONCATENATE(C244," ",D244) -> Sri Lanka SRI
C245: Sto. Tome y Principe R.D. | D245: STP | E245: =CONCATENATE(C245," ",D245) -> Sto. Tome y Principe R.D. STP
C246: Sudan | D246: SUD | E246: =CONCATENATE(C246," ",D246) -> Sudan SUD
C247: Suiza | D247: SUI | E247: =CONCATENATE(C247," ",D247) -> Suiza SUI
... C282: Zimbabue | D282: ZIM | E282: =CONCATENATE(C282," ",D282) -> Zimbabue ZIM

Sheet CALCULOS
A3: Nombre y apellidos | D3: =LIQUIDACION!D7 -> 0
A4: D.N.I. | D4: =LIQUIDACION!D8 -> 0 | F4: Cargo que desempeña | H4: =LIQUIDACION!H8 -> 0
A5: Grupo | E5: Motivo del desplazamiento | G5: =LIQUIDACION!G9 -> 0
A6: Lugar | C6: =LIQUIDACION!C10 -> 0 | G6: País | H6: =LIQUIDACION!H10 -> 0
A7: Fechas | C7: =CONCATENATE(LIQUIDACION!E11," ",LIQUIDACION!G11," ",LIQUIDACION!H11," ",LIQUIDACION!I11," ",LIQUIDACION!K11) -> a | F7: Cambio Divisa | H7: =IF(LIQUIDACION!E12=0,1,LIQUIDACION!E12) -> 1
A10: FERROCARRIL | B10: =SUM(A12:A31)+SUM(B12:B31)*$H$7 -> 0 | C10: AVION | D10: =SUM(C12:C31)+SUM(D12:D31)*$H$7 -> 0 | E10: OTROS DESPLAZ. | F10: =SUM(E12:E31)+SUM(F12:F31)*$H$7 -> 0 | G10: MANUTENCION | H10: =SUM(G12:G31)+SUM(H12:H31)*$H$7 -> 0 | I10: ALOJAMIENTO | J10: =SUM(I12:I31)+SUM(J12:J31)*$H$7 -> 0 | K10: VARIOS | L10: =SUM(K12:K31)+SUM(L12:L31)*$H$7 -> 0 | M10: =B10+D10+F10+H10+J10+L10 -> 0
A11: € | B11: Divisa | C11: € | D11: Divisa | E11: € | F11: Divisa | G11: € | H11: Divisa | I11: € | J11: Divisa | K11: € | L11: Divisa
A32: =SUM(A12:A31) -> 0 | B32: =SUM(B12:B31) -> 0 | C32: =SUM(C12:C31) -> 0 | D32: =SUM(D12:D31) -> 0 | E32: =SUM(E12:E31) -> 0 | F32: =SUM(F12:F31) -> 0 | G32: =SUM(G12:G31) -> 0 | H32: =SUM(H12:H31) -> 0 | ... L32: =SUM(L12:L31) -> 0

Sheet ACTUACIONES
A1: Nº | B1: Actuación | C1: Lugar | D1: Fecha inicio | E1: Fecha fin
A2: 12-001 | B2: MATCH CUADRANGULAR | C2: Costa Ballena, Jerez | D2: 40933 | E2: 40935
A3: 12-002 | B3: COPA BALEARES | C3: Mallorca | D3: 40941 | E3: 40944
A4: 12-003 | B4: MATCH FRANCIA-ESPAÑA (SUB-18) | C4: PAU | D4: 40950 | E4: 40951
A5: 12-004 | B5: Cº INTERNACIONAL DE PORTUGAL | C5: MONTADO G.R | D5: 40954 | E5: 40957
A6: 12-005 | B6: Cº INTERNACIONAL ESPAÑA. COPA SM EL REY | C6: MALLORCA | D6: 40968 | E6: 40972
A7: 12-006 | B7: CONCENTRACIÓN | C7: A DETERMINAR | D7: 40969 | E7: 40972
A8: 12-007 | B8: COPA ANDALUCÍA | C8: LA CAÑADA (CÁDIZ) | D8: 40982 | E8: 40985
A9: 12-008 | B9: COPA SOTOGRANDE | C9: SOTOGRANDE, CÁDIZ | D9: 40990 | E9: 40993
A10: 12-009 | B10: Cº ESPAÑA JUNIOR Y BOYS | C10: A DETERMINAR | D10: 41000 | E10: 41003
A11: 12-010 | B11: Cº DE BARCELONA | C11: EL PRAT, BARCELONA | D11: 41018 | E11: 41021
A12: 12-011 | B12: LYTHAM TROPHY | C12: ROYAL LYTHAM | D12: 41033 | E12: 41035
A13: 12-012 | B13: Cº DE CANARIAS | C13: A DETERMINAR | D13: 41046 | E13: 41049
... A184: 12-912 | B184: MASTER SENIOR | C184: A DETERMINAR | D184: 40909 | E184: 40909

Sheet INSTRUCCIONES
